 Dungeon Sprint DCSS version 0.24-a0-525-g9231cdc (webtiles) character file.

Game seed: 7563848606037043513

1101 silentkaos13 the Basher (level 8, -2/69 HPs)
             Began as a Demonspawn Monk on Aug 1, 2019.
             Was the Champion of Cheibriados.
             Slain by a deep troll (3 damage)
             ... in the Dungeon (Sprint VII: "The Pits").
             The game lasted 00:03:56 (1034 turns).

silentkaos13 the Basher (Demonspawn Monk)           Turns: 1034, Time: 00:03:57

Health: -2/69      AC: 23    Str: 28    XL:     8   Next: 10%
Magic:  8/8        EV: 16    Int: 27    God:    Cheibriados [******]
Gold:   0          SH:  0    Dex: 31    Spells: 7/7 levels left

rFire    . . .     SeeInvis .   p - +2 flail (protect)
rCold    . . .     Gourm    .   (no shield)
rNeg     . . .     Faith    .   o - +3 chain mail
rPois    .         Spirit   .   (no helmet)
rElec    .         Reflect  .   (no cloak)
rCorr    .         Harm     .   (no gloves)
MR       .....     NoTele   +   (no boots)
Stlth    ++........             (no amulet)
HPRegen  0.21/turn              (no ring)
MPRegen  0.11/turn              (no ring)

@: protection aura, very slow
A: talons 2, iridescent scales 2, nightstalker 1
a: Bend Time, Temporal Distortion, Slouch, Step From Time, Renounce Religion


You were in the Dungeon.
You worshipped Cheibriados.
Cheibriados was exalted by your worship.
You were not hungry.

You visited 1 branch

Inventory:

Hand Weapons
 a - a +0 mace
 j - a +2 mace of protection
 p - a +2 flail of protection (weapon)
Armour
 b - a +0 robe
 o - a +3 chain mail (worn)
Scrolls
 i - a scroll of blinking
 l - 3 scrolls of remove curse
 m - 5 scrolls of amnesia
 n - a scroll of summoning
Potions
 d - 6 potions of curing
 e - 4 potions of heal wounds
 f - a potion of haste
 g - 4 potions of magic
 h - 3 potions of berserk rage
 k - 2 potions of invisibility
Comestibles
 c - 9 rations


   Skills:
 + Level 8.6 Fighting
 + Level 11.0 Maces & Flails
 + Level 4.2 Armour
 + Level 7.5 Dodging
 + Level 6.2 Stealth


You had 7 spell levels left.
You didn't know any spells.
Your spell library was empty.

Dungeon Overview and Level Annotations

Branches:
Dungeon (1/1)

Altars:
Ashenzari
Cheibriados
Dithmenos
Elyvilon
Fedhas
Gozag
Hepliaklqana
Kikubaaqudgha
Makhleb
Nemelex Xobeh
Okawaru
Qazlal
Ru
Sif Muna
Trog
Uskayaw
Vehumet
Wu Jian
Xom
Yredelemnul
Zin
The Shining One
Beogh
Jiyva
Lugonu


Innate Abilities, Weirdness & Mutations

You have razor-sharp toenails.
You are mostly covered in iridescent scales. (AC +4)
You are slightly more attuned to the shadows.


Message History

The deep troll is almost dead.
The orc wizard gestures wildly while chanting.
The orc wizard blinks!
You completely miss the deep troll.
You claw the deep troll, but do no damage.
The deep troll is almost dead.
The deep troll bites you.
* * * LOW HITPOINT WARNING * * *
The deep troll barely misses you. The deep troll misses you.
You closely miss the deep troll. You claw the deep troll.
The deep troll is almost dead.
The deep troll bites you but does no damage.
The deep troll barely misses you. The deep troll claws you.
* * * LOW HITPOINT WARNING * * *
You closely miss the deep troll. You claw the deep troll.
The deep troll is almost dead.
The deep troll misses you. The deep troll claws you!
* * * LOW HITPOINT WARNING * * *
The deep troll claws you.
You die...

#.#........##.......#
#)###########.......#
#.......#..##########
#...#...#.######
#...#...#)#....#
#.##.##.#'#....#
#...#...#9ooo..+
#...#...#T#.9..#
#.......†@#....#
################


You could see a deep troll, a molten gargoyle and an orc wizard.

Vanquished Creatures
  Pikel (D)
  A redback (D)
  A porcupine (D)
  A slave (D)
  A bullfrog (D)
  A scorpion (D)
  A hound (D)
  A gnoll shaman (D)
  An orc priest (D)
  3 orc wizards (D)
  2 worker ants (D)
  2 adders (D)
  4 gnolls (D)
  An ooze (D)
  An orc (D)
  2 giant cockroaches (D)
  A hobgoblin (D)
  2 frilled lizards (D)
  A rat (D)
28 creatures vanquished.

Notes
Turn   | Place    | Note
-------+----------+-------------------------------------------
     0 | D        | silentkaos13 the Demonspawn Monk began the quest for the
                  | Orb.
     0 | D        | Reached XP level 1. HP: 18/18 MP: 1/1
    24 | D        | Found a bloodstained altar of Trog.
    24 | D        | Found a deep blue altar of Sif Muna.
    24 | D        | Found a viscous altar of Jiyva.
    24 | D        | Found a hazy altar of Hepliaklqana.
    24 | D        | Found an opulent altar of Gozag.
    25 | D        | Found a glowing golden altar of the Shining One.
    25 | D        | Found a glowing silver altar of Zin.
    25 | D        | Found a basalt altar of Yredelemnul.
    25 | D        | Found a shimmering altar of Xom.
    25 | D        | Found an ornate altar of the Wu Jian Council.
    25 | D        | Found a sacrificial altar of Ru.
    25 | D        | Found a stormy altar of Qazlal.
    25 | D        | Found an iron altar of Okawaru.
    25 | D        | Found a sparkling altar of Nemelex Xobeh.
    25 | D        | Found a burning altar of Makhleb.
    25 | D        | Found a blossoming altar of Fedhas.
    25 | D        | Found a white marble altar of Elyvilon.
    25 | D        | Found a shadowy altar of Dithmenos.
    25 | D        | Found a snail-covered altar of Cheibriados.
    26 | D        | Found a radiant altar of Vehumet.
    26 | D        | Found a corrupted altar of Lugonu.
    26 | D        | Found a roughly hewn altar of Beogh.
    27 | D        | Found a hide-covered altar of Uskayaw.
    27 | D        | Found an ancient bone altar of Kikubaaqudgha.
    27 | D        | Found a shattered altar of Ashenzari.
    52 | D        | Became a worshipper of Cheibriados the Contemplative
    52 | D        | Reached * piety under Cheibriados
    52 | D        | Reached ** piety under Cheibriados
    93 | D        | Reached skill level 3 in Maces & Flails
    93 | D        | Gained mutation: You have sharp toenails. [demonic
                  | ancestry]
    93 | D        | Reached XP level 2. HP: 6/25 MP: 2/2
   360 | D        | Reached *** piety under Cheibriados
   361 | D        | Reached skill level 4 in Maces & Flails
   681 | D        | Reached **** piety under Cheibriados
   681 | D        | Gained mutation: You are partially covered in iridescent
                  | scales. (AC +2) [demonic ancestry]
   681 | D        | Reached XP level 3. HP: 32/32 MP: 3/3
   747 | D        | Noticed a bullfrog
   747 | D        | Noticed a porcupine
   751 | D        | Killed a bullfrog
   751 | D        | Reached skill level 5 in Fighting
   751 | D        | Reached skill level 5 in Maces & Flails
   751 | D        | Reached skill level 5 in Dodging
   751 | D        | Gained mutation: You are slightly more attuned to the
                  | shadows. [demonic ancestry]
   751 | D        | Reached XP level 4. HP: 39/39 MP: 4/4
   757 | D        | Reached ***** piety under Cheibriados
   761 | D        | Killed a porcupine
   761 | D        | Reached skill level 7 in Maces & Flails
   761 | D        | Gained mutation: You are mostly covered in iridescent
                  | scales. (AC +4) [demonic ancestry]
   761 | D        | Reached XP level 5. HP: 22/47 MP: 5/5
   765 | D        | Reached skill level 1 in Armour
   770 | D        | HP: 2/47 [orc priest/divine providence (13)]
   786 | D        | Reached XP level 6. HP: 18/53 MP: 6/6
   788 | D        | Reached ****** piety under Cheibriados
   789 | D        | Reached skill level 8 in Maces & Flails
   989 | D        | Noticed a redback
   994 | D        | Killed a redback
   994 | D        | Reached skill level 9 in Maces & Flails
   994 | D        | Reached skill level 5 in Stealth
   994 | D        | Reached XP level 7. HP: 59/61 MP: 7/7
   996 | D        | Noticed Pikel
  1006 | D        | Killed Pikel
  1006 | D        | Reached skill level 10 in Maces & Flails
  1006 | D        | Gained mutation: You have razor-sharp toenails. [demonic
                  | ancestry]
  1006 | D        | Reached XP level 8. HP: 63/69 MP: 8/8
  1010 | D        | Reached skill level 11 in Maces & Flails
  1018 | D        | Noticed a deep troll
  1018 | D        | Noticed a molten gargoyle
  1034 | D        | HP: 1/69 [deep troll (13)]
  1034 | D        | Slain by a deep troll

Levels and vault maps discovered:
D:        pitsprint [storerooms_1, entrance_room_1, metal_vault_2, armoury_2,
          mini_pit_1, grid_room_1, main_hall_1, silver_pit, the_coven_3,
          the_vestibule_1, steel_vault_5, golden_pit, hallway_of_sentries,
          crystal_vault_1, iron_vault_1, final_vault]

Skill      XL: |  1  2  3  4  5  6  7  8 |
---------------+-------------------------+-----
Maces & Flails | 3 4 5 7 9 10 11 | 11.0
Dodging        | 3 4 5 6 7 |  7.5
Stealth        | 2 3 4 5 6 |  6.2
Fighting       | 4 5 6 7 8 |  8.6
Armour         | 1 2 4 |  4.2

Action                   |  1- 3 |  4- 6 |  7- 9 || total
-------------------------+-------+-------+-------++-------
Melee: Mace              |    23 |       |       ||    23
       Kick              |     7 |    27 |    20 ||    54
       Flail             |     3 |    40 |    26 ||    69
  Use: Potion            |       |     2 |       ||     2
 Stab: Sleeping          |     2 |     1 |       ||     3
Armor: Robe              |     5 |       |       ||     5
       Chain mail        |     3 |    24 |    23 ||    50
Dodge: Dodged            |    24 |    21 |    23 ||    68

Table legend:
 A = Non-vault XP
 B = Vault XP
 C = Vault XP percentage of total XP
 D = Non-vault monster count
 E = Vault monster count
 F = Vault count percentage of total count
                 A         B        C        D         E       F
            +---------+---------+-------+---------+---------+-------
      Total |       0 |    1573 | 100.0 |       0 |      27 | 100.0
            +---------+---------+-------+---------+---------+-------
          D |       0 |    1573 | 100.0 |       0 |      27 | 100.0
            +---------+---------+-------+---------+---------+-------
